cohdb
Replays
Latest Replays
All Replays
Popular Replays
Top Player Replays
Match Explorer
How It Works
Community
CoH3 Stats
Reddit
Sign in to upload your games and track your stats! →
Sign in with Steam
Match 42124928
Unlisted
Match 42124928
Overview
Messages
Build Orders
End
Construct Section Command Post
Vickers Machine Gun Team
ML 3-inch Mortar Team
Infantry Section
Infantry Section
Construct Platoon Command Post
Humber Armored Car
Selects Australian Defense Battlegroup
Selects Australian Light Infantry Section
Selects Defensive Tactics
CMP 15cwt Truck
Construct Company Command Post
Selects CMP 15cwt Supply Run
Matilda II Heavy Tank
Royal Engineer Section
Matilda II Heavy Tank
Matilda II Heavy Tank
Selects Reinforced Resource Caches
Selects Charged Creeping Barrage
Charged Creeping Barrage
⁂ ☢ [12thGGR]HL008 ☢ ⁂
DibbeTC
almogeliyahu
unreal_sev
VBme
Choo Choo Train
jerrycheese
OOR | SWO Fail
0
0
Comments
sign in to comment!
No comments posted yet!